 Dungeon Crawl Stone Soup version 0.30-a0-845-g7c6808c8ce (webtiles) character file.

Game seed: 12348209828150233224

2062 qeuew the Poker (level 9, -6/96 (103) HPs)
             Began as a Gnoll Reaver on Mar 2, 2023.
             Was an Initiate of Vehumet.
             Mangled by a wight
             ... wielding a +2 long sword of freezing
              (8 damage)
             ... on level 6 of the Dungeon.
             The game lasted 00:09:19 (5573 turns).

qeuew the Poker (Gnoll Reaver)                      Turns: 5573, Time: 00:09:20

HP:   -6/96 (103)   AC: 24    Str: 15    XL:     9   Next: 25%
MP:   16/18         EV:  2    Int: 17    God:    Vehumet [......]
Gold: 335           SH:  0    Dex: 17    Spells: 15/21 levels left

rFire   . . .      SeeInvis +    p - +6 trident of the Gloaming {heavy, Int+4 SInv Stlth+}
rCold   . . .      Faith    .    (no shield)
rNeg    . . .      Spirit   .    m - melded +0 steam dragon scales
rPois   +          Reflect  .    (helmet currently unavailable)
rElec   .          Rampage  .    (cloak currently unavailable)
rCorr   +          NoTele   +    (gloves currently unavailable)
Will    .....                    f - melded +1 pair of boots
Stlth   ++++                     (no amulet)
HPRegen 0.36/turn                c - +6 ring of dexterity
MPRegen 0.16/turn                d - ring of resist corrosion

@: tree-form, immotile, drained
A: stationary, stasis, torment immunity, boosted hp, (fangs 1), strong nose,
distributed training
a: Renounce Religion


You were on level 6 of the Dungeon.
You worshipped Vehumet.
Vehumet was noncommittal.
You were a tree.
You visited 2 branches of the dungeon, and saw 7 of its levels.

You collected 335 gold pieces.

Inventory:

Hand Weapons
 a - a +0 spear of draining
 p - the +6 trident of the Gloaming (weapon) {heavy, Int+4 SInv Stlth+}
   (You found it on level 5 of the Dungeon)

   Int:       It affects your intelligence (+4).
   SInv:      It lets you see invisible.
   Stlth:     It makes you more stealthy.
Armour
 f - a +1 pair of boots (melded)
 m - +0 steam dragon scales (melded)
Jewellery
 c - a +6 ring of dexterity (left branch)
 d - a ring of resist corrosion (right branch)
Wands
 g - a wand of mindburst (13) (quivered)
 n - a wand of charming (3)
Scrolls
 e - a scroll of identify
 k - a scroll of butterflies {unknown}
Potions
 h - 2 potions of haste
 j - a potion of flight


   Skills:
 + Level 6.3 Fighting
 + Level 4.2 Short Blades
 + Level 4.2 Long Blades
 + Level 4.2 Axes
 + Level 4.2 Maces & Flails
 + Level 7.9 Polearms
 + Level 4.2 Staves
 + Level 4.2 Ranged Weapons
 + Level 4.2 Throwing
 + Level 4.2 Armour
 + Level 6.3 Dodging
 + Level 4.2 Stealth
 + Level 4.2 Shields
 + Level 4.2 Unarmed Combat
 + Level 6.6 Spellcasting
 + Level 6.5 Conjurations
 + Level 3.4 Hexes
 + Level 3.4 Summonings
 + Level 3.4 Necromancy
 + Level 3.4 Translocations
 + Level 3.4 Transmutations
 + Level 3.4 Fire Magic
 + Level 3.4 Ice Magic
 + Level 3.4 Air Magic
 + Level 3.4 Earth Magic
 + Level 3.4 Poison Magic
 + Level 4.6 Invocations
 + Level 4.2 Evocations


You had 15 spell levels left.
You knew the following spells:

 Your Spells              Type           Power      Damage    Failure   Level
a - Kiss of Death         Conj/Necr      88%        2d12      1%          1
b - Momentum Strike       Conj/Tloc      44%        3d9       2%          2
c - Hailstorm             Conj/Ice       22%        3d7       4%          3

Your spell library contained the following spells:

 Spells                   Type           Power      Damage    Failure   Level
 Ignite Poison            Fire/Tmut/Pois 17%        N/A       9%          3
 Kindle Blastsparks       Fire/Tloc/Air  34%        2d12      9%          3
 Freezing Cloud           Conj/Ice/Air   10%        6-21      45%         5


Dungeon Overview and Level Annotations

Branches:
Dungeon (6/15)             Temple (1/1) D:5

Altars:
Ashenzari
Cheibriados
Dithmenos
Elyvilon
Fedhas
Gozag
Hepliaklqana
Kikubaaqudgha
Makhleb
Nemelex Xobeh
Qazlal
Ru
Sif Muna
Vehumet
Wu Jian
Yredelemnul
Zin
The Shining One

Shops:
D:5 [(


Innate Abilities, Weirdness & Mutations

You are a tree.
Your roots penetrate the ground, keeping you stationary.
You cannot be teleported.
You are immune to unholy pain and torment.
Your maximum health is greatly increased.
Your equipment is partially melded.
((You have very sharp teeth.))
Your uncanny sense of smell can sniff out nearby items.
Your experience applies equally to all skills.


Message History

You destroy the wight!
Vehumet accepts your kill. The wight closely misses you.
The wight completely misses you.
You closely miss the wight.
The wight hits you with a +2 long sword of freezing.
The wight freezes you. The wight hits you but does no damage.
The wight closely misses you. The wight hits you with a +2 falchion!
* * * LOW HITPOINT WARNING * * *
You feel drained.
Aiming: Mindburst
Press: ? - help, Q - select action, (/) - cycle Shift-Dir - straight line, f - wight
Aim: a wight, wielding a +2 long sword of freezing and wearing a +0 robe (chance to affect: 79%)
Okay, then.
Casting: Momentum Strike (safe; 2% risk of failure)
Confirm with . or Enter, or press ? or * to list all spells.
Aiming: Momentum Strike (safe; 2% risk of failure)
Press: ? - help, Dir - move target, f - wight
Aim: a wight, wielding a +2 long sword of freezing and wearing a +0 robe (71% to hit)
The concentrated momentum hits the wight!
The wight is heavily damaged.
You are unable to move.
The wight hits you with a +2 long sword of freezing.
* * * LOW HITPOINT WARNING * * *
The wight freezes you.
* * * LOW HITPOINT WARNING * * *
The wight closely misses you.
You barely miss the wight.
The wight is heavily damaged.
The wight hits you with a +2 long sword of freezing!
* * * LOW HITPOINT WARNING * * *
The wight freezes you.
* * * LOW HITPOINT WARNING * * *
The wight completely misses you.
Okay, then.
It was a potion of lignification.
You turn into a tree.
Your +1 pair of boots melds into your body.
Your +0 steam dragon scales melds into your body.
Your roots penetrate the ground.
The wight hits you with a +2 long sword of freezing!
You die...

#.....#....#......#...
#.....#...)#......'..
#.....#..))#......####
#.....#..).#..........
#.....#....'..........
#.....#....#..........
#.....#....#..........
#.....######..........
#...)♣........(.......
#...zz................
#.................####
#?..............).#
#.....######......# ∆
#.....# #......#
#.....# #......#
#.....# #......#
########


You could see 2 wights.

Vanquished Creatures
  Pikel (D:6)
  A steam dragon (D:6)
  Edmund (D:4)
  A water moccasin (D:5)
  2 ice beasts (D:6)
  An ogre (D:5)
  A sky beast (D:6)
  2 lemures (D:6)
  A phantom (D:4)
  A scorpion (D:5)
  3 wights (D:6)
  2 hounds (D:5)
  2 jellies
  2 orc priests
  Crazy Yiuf (D:4)
  A sleepcap (D:6)
  Ijyb (D:3)
  An iguana (D:6)
  6 orc wizards
  Terence (D:3)
  9 adders
  2 dart slugs
  15 orcs
  3 ball pythons
  7 endoplasms
  4 giant cockroaches (D:1)
  7 goblins
  3 hobgoblins (D:2)
  2 jackals (D:1)
  5 quokkas
  4 bats
  7 frilled lizards
  5 kobolds
  3 rats
108 creatures vanquished.

Notes
Turn   | Place    | Note
-------+----------+-------------------------------------------
     0 | D:1      | qeuew the Gnoll Reaver began the quest for the Orb.
     0 | D:1      | Reached XP level 1. HP: 20/20 MP: 6/6
    75 | D:1      | Reached XP level 2. HP: 21/26 MP: 7/7
   463 | D:1      | Reached skill level 5 in Spellcasting
   463 | D:1      | Reached XP level 3. HP: 31/31 MP: 7/9
   813 | D:2      | Reached skill level 1 in Invocations
   858 | D:2      | Reached skill level 1 in Short Blades
   858 | D:2      | Reached skill level 1 in Long Blades
   858 | D:2      | Reached skill level 1 in Axes
   858 | D:2      | Reached skill level 1 in Maces & Flails
   858 | D:2      | Reached skill level 1 in Staves
   858 | D:2      | Reached skill level 1 in Ranged Weapons
   858 | D:2      | Reached skill level 1 in Throwing
   858 | D:2      | Reached skill level 1 in Armour
   858 | D:2      | Reached skill level 1 in Stealth
   858 | D:2      | Reached skill level 1 in Shields
   858 | D:2      | Reached skill level 1 in Unarmed Combat
   858 | D:2      | Reached skill level 1 in Evocations
   954 | D:2      | Reached XP level 4. HP: 38/38 MP: 11/11
  1499 | D:3      | Found a faded altar of an unknown god.
  1503 | D:3      | Reached skill level 1 in Hexes
  1503 | D:3      | Reached skill level 1 in Summonings
  1503 | D:3      | Reached skill level 1 in Necromancy
  1503 | D:3      | Reached skill level 1 in Translocations
  1503 | D:3      | Reached skill level 1 in Transmutations
  1503 | D:3      | Reached skill level 1 in Fire Magic
  1503 | D:3      | Reached skill level 1 in Ice Magic
  1503 | D:3      | Reached skill level 1 in Air Magic
  1503 | D:3      | Reached skill level 1 in Earth Magic
  1503 | D:3      | Reached skill level 1 in Poison Magic
  1603 | D:3      | Noticed Terence
  1617 | D:3      | Killed Terence
  1618 | D:3      | Reached XP level 5. HP: 39/43 MP: 12/12
  1752 | D:3      | Noticed Ijyb
  1771 | D:3      | Killed Ijyb
  2021 | D:3      | Learned a level 2 spell: Momentum Strike
  2025 | D:3      | Learned a level 3 spell: Hailstorm
  2154 | D:4      | Reached XP level 6. HP: 39/49 MP: 13/13
  2374 | D:4      | Found a runed translucent door.
  2375 | D:4      | Noticed Crazy Yiuf
  2441 | D:4      | Reached skill level 5 in Fighting
  2441 | D:4      | Reached skill level 5 in Dodging
  2590 | D:4      | Noticed Edmund
  2611 | D:4      | Killed Edmund
  2711 | D:4      | Found a broken altar of Ashenzari.
  2713 | D:4      | Found a shimmering blue altar of Sif Muna.
  2731 | D:4      | Reached skill level 7 in Polearms
  2731 | D:4      | Reached XP level 7. HP: 55/56 MP: 15/15
  3008 | D:4      | Killed Crazy Yiuf
  3070 | D:5      | Entered Level 5 of the Dungeon
  3252 | D:5      | Identified the +6 trident of the Gloaming {heavy, Int+4
                  | SInv Stlth+}
  3264 | D:5      | Found Dynebil's Antique Weapon Emporium.
  3487 | D:5      | Found a basalt altar of Yredelemnul.
  3498 | D:5      | Found a staircase to the Ecumenical Temple.
  3519 | Temple   | Entered the Ecumenical Temple
  3760 | Temple   | Became a worshipper of Vehumet
  3790 | D:5      | Reached XP level 8. HP: 57/63 MP: 16/16
  4070 | D:5      | Found Okome's Armour Emporium.
  4911 | D:6      | Found a white marble altar of Elyvilon.
  5313 | D:6      | Noticed Pikel
  5326 | D:6      | Killed Pikel
  5327 | D:6      | Reached XP level 9. HP: 39/69 MP: 18/18
  5572 | D:6      | HP: 3/64 [wight/+2 long sword of freezing (8)]
  5572 | D:6      | HP: 1/64 [wight/+2 long sword of freezing (2)]
  5573 | D:6      | Mangled by a wight

Illustrated notes

Levels and vault maps discovered:
D:1:      dpeg_arrival_water_temple_mockup, layout_basic
D:2:      layout_basic, hex_intersection
D:3:      layout_basic, shapermc_ecumenical_altar_starsandcircs, uniq_terence,
          uniq_ijyb
D:4:      layout_basic, nicolae_overflow_hidden_temple, uniq_edmund,
          uniq_crazy_yiuf_cottage
D:5:      layout_layer_cave, mainiacjoe_overflow_brackets,
          minmay_temple_entry_statues, serial_rivers,
          chequers_serial_rivers_room_a, chequers_serial_rivers_small_3,
          chequers_serial_rivers_large_b, chequers_serial_rivers_micro_b,
          serial_shops, nicolae_shop_advertising_works
          [nicolae_subvault_shop_adworks], nicolae_square_shop
D:6:      layout_gridville, mainiacjoe_overflow_six_doors_small, uniq_pikel
Temple:   nicolae_temple_bog_church

Skill      XL: |  1  2  3  4  5  6  7  8 |
---------------+-------------------------+-----
Spellcasting   | 5 6 |  6.6
Invocations    | 1 2 3 4 |  4.6
Short Blades   | 1 2 3 4 |  4.2
Long Blades    | 1 2 3 4 |  4.2
Axes           | 1 2 3 4 |  4.2
Maces & Flails | 1 2 3 4 |  4.2
Staves         | 1 2 3 4 |  4.2
Ranged Weapons | 1 2 3 4 |  4.2
Throwing       | 1 2 3 4 |  4.2
Armour         | 1 2 3 4 |  4.2
Stealth        | 1 2 3 4 |  4.2
Shields        | 1 2 3 4 |  4.2
Unarmed Combat | 1 2 3 4 |  4.2
Evocations     | 1 2 3 4 |  4.2
Hexes          | 1 2 3 |  3.4
Summonings     | 1 2 3 |  3.4
Necromancy     | 1 2 3 |  3.4
Translocations | 1 2 3 |  3.4
Transmutations | 1 2 3 |  3.4
Fire Magic     | 1 2 3 |  3.4
Ice Magic      | 1 2 3 |  3.4
Air Magic      | 1 2 3 |  3.4
Earth Magic    | 1 2 3 |  3.4
Poison Magic   | 1 2 3 |  3.4
Fighting       | 5 6 |  6.3
Dodging        | 5 6 |  6.3
Polearms       | 7 |  7.9
Conjurations   | 6 |  6.5

Action                     |  1- 3 |  4- 6 |  7- 9 || total
---------------------------+-------+-------+-------++-------
  Melee: Spear             |   124 |   181 |    35 ||   340
         Bite              |    17 |    19 |    12 ||    48
         Punch             |     1 |     2 |       ||     3
         Trident           |       |       |    80 ||    80
   Cast: Kiss of Death     |       |     2 |       ||     2
         Momentum Strike   |       |     2 |     3 ||     5
         Hailstorm         |       |       |     1 ||     1
  Evoke: Wand              |       |       |     3 ||     3
    Use: Potion            |     4 |       |     2 ||     6
         Scroll            |     2 |     3 |     5 ||    10
   Stab: Sleeping          |     4 |     1 |     4 ||     9
 Armour: Leather armour    |    21 |    23 |    12 ||    56
         Steam dragon scal |       |       |    16 ||    16
  Dodge: Dodged            |    63 |    84 |    75 ||   222

Table legend: (Time is in decaauts)
 A = Elapsed time spent in this place.
 B = Non-inter-level travel time spent in this place.
 C = Inter-level travel time spent in this place.
 D = Time resting spent in this place.
 E = Time spent auto-exploring this place.
 F = Levels seen in this place.
 G = Mean time per level.
                   A        B        C        D        E       F      G
               +--------+--------+--------+--------+--------+-----+--------+
         Total |   5537 |   5362 |    175 |    139 |   4384 |   7 |  791.0 |
       Dungeon |   5273 |   5178 |     95 |    139 |   4216 |   6 |  878.8 |
        Temple |    263 |    183 |     80 |      0 |    167 |   1 |  263.0 |
               +--------+--------+--------+--------+--------+-----+--------+

Top non-repeatable levels by time:
     D:5: 1342 daAuts
     D:4: 1119 daAuts
     D:6: 840 daAuts
     D:2: 682 daAuts
     D:1: 673 daAuts
     D:3: 614 daAuts
  Temple: 263 daAuts
